 Dungeon Crawl Stone Soup version 0.29-a0-838-g385bb11a5b (webtiles) character file.

Game seed: 17300599612694198944

6 LynnLen the Sneak (level 1, -1/11 HPs)
             Began as a Vampire Enchanter on July 14, 2022.
             Slain by a kobold
             ... wielding a +0 whip
              (4 damage)
             ... on level 1 of the Dungeon.
             The game lasted 00:01:06 (167 turns).

LynnLen the Sneak (Vampire Enchanter)                Turns: 167, Time: 00:01:06

Health: -1/11      AC:  2    Str:  7    XL:     1   Next: 75%
Magic:  3/3        EV: 12    Int: 17    God:
Gold:   0          SH:  0    Dex: 14    Spells: 4/4 levels left

rFire   . . .      SeeInvis +   a - +1 dagger
rCold   + + .      Faith    .   (no shield)
rNeg    + + +      Spirit   .   b - +0 robe
rPois   ∞          Reflect  .   (no helmet)
rElec   .          Harm     .   (no cloak)
rCorr   .          Rampage  .   (no gloves)
Will    .....                   (no boots)
Stlth   +++++.....              (no amulet)
HPRegen 0.00/turn               (no ring)
MPRegen 0.08/turn               (no ring)

@: bloodless, inhibited regen
A: bloodless, fangs 3, see invisible, vampiric 1
a: Revivify


You were on level 1 of the Dungeon.
You visited 1 branch of the dungeon, and saw 1 of its levels.

Inventory:

Hand Weapons
 a - a +1 dagger (weapon)
Armour
 b - a +0 robe (worn)
Scrolls
 d - a scroll of fear {unknown}
Potions
 c - 2 potions of invisibility


   Skills:
 * Level 0.3 Fighting
 * Level 1.3 Short Blades
 + Level 2.2 Dodging
 + Level 4.7 Stealth
 - Level 2.0 Spellcasting
 - Level 4.4 Hexes


You had 4 spell levels left.
You didn't know any spells.
Your spell library contained the following spells:

 Spells                   Type           Power      Damage    Failure   Level
 Confusing Touch          Hex            16%        N/A       10%         3
 Tukima's Dance           Hex            16%        N/A       10%         3
 Ensorcelled Hibernation  Hex/Ice        18%        N/A       12%         2
 Dazzling Flash           Conj/Hex       18%        N/A       24%         3


Dungeon Overview and Level Annotations

Branches:
Dungeon (1/15)

Altars:


Innate Abilities, Weirdness & Mutations

You do not regenerate when monsters are visible.
You are frail without blood (-20% HP).
You can heal yourself when you bite living creatures.
You are immune to poison.
You have razor-sharp teeth.
You have supernaturally acute eyesight. (SInv)
You are afflicted with vampirism.


Message History

A bat comes into view.
A bat is nearby!
You miss the bat. Your bite misses the bat.
The bat hits you but does no damage.
You hit the bat.
You kill the bat!
A goblin comes into view. It is wielding a +0 club.
A goblin is nearby!
A dart slug comes into view.
Found a ring mail.
The dart slug launches a dart at you. The slug dart misses you.
The goblin shouts!
You hear a shout!
A kobold comes into view. It is wielding a +0 whip.
The kobold moves out of view.
You closely miss the goblin. The goblin misses you.
You barely miss the goblin. The goblin hits you with a +0 club.
You hit the goblin.
You kill the goblin!
A bat comes into view.
You hit the dart slug.
The dart slug is lightly wounded.
You hit the dart slug.
The dart slug is lightly wounded.
The dart slug bites you.
You hit the dart slug. You bite the dart slug.
You kill the dart slug!
The bat hits you.
* * * LOW HITPOINT WARNING * * *
You closely miss the bat. The bat closely misses you.
You hit the bat.
The bat is severely wounded.
The bat barely misses you.
You barely miss the kobold. The kobold hits you with a +0 whip.
* * * LOW HITPOINT WARNING * * *
You hit the kobold but do no damage. The kobold barely misses you.
You hit the kobold.
The kobold is moderately wounded.
The kobold hits you with a +0 whip.
You die...

.[.......##
.....b....##
...........#
.......w...#
.....?.....#
..........#
...##...##
#K### #
#.@## #.#
##..# .. #
##.#.# #
#....# #
###.#.## #
#...#..# #
###.####.# #
##...# .. #
###..### #..


You could see a bat and a kobold.

Vanquished Creatures
  A dart slug (D:1)
  2 bats (D:1)
  A goblin (D:1)
4 creatures vanquished.

Notes
Turn   | Place    | Note
-------+----------+-------------------------------------------
     0 | D:1      | LynnLen the Vampire Enchanter began the quest for the Orb.
     0 | D:1      | Reached XP level 1. HP: 13/13 MP: 3/3
   167 | D:1      | Slain by a kobold

Illustrated notes

Levels and vault maps discovered:
D:1:      elethiomel_arrival_infinity_welcomes_careful_drivers, layout_rooms,
          serial_shops, nicolae_shop_temple_entry_statues_fountains

Action                   || total
-------------------------++-------
Melee: Dagger            ||    16
       Bite              ||     1
 Abil: Exsanguinate      ||     1
Armor: Robe              ||     2
Dodge: Dodged            ||     8

Table legend: (Time is in decaauts)
 A = Elapsed time spent in this place.
 B = Non-inter-level travel time spent in this place.
 C = Inter-level travel time spent in this place.
 D = Time resting spent in this place.
 E = Time spent auto-exploring this place.
 F = Levels seen in this place.
 G = Mean time per level.
                   A        B        C        D        E       F      G
               +--------+--------+--------+--------+--------+-----+--------+
         Total |    166 |    166 |      0 |      0 |    116 |   1 |  166.0 |
       Dungeon |    166 |    166 |      0 |      0 |    116 |   1 |  166.0 |
               +--------+--------+--------+--------+--------+-----+--------+

Top non-repeatable levels by time:
     D:1: 166 daAuts
